 Dungeon Crawl Stone Soup version 0.18.1-50-g88ac8fd (webtiles) character file.

10753 wyrdjoy the Severer (level 11, -4/123 HPs)
             Began as a Minotaur Berserker on May 8, 2017.
             Was a High Priest of Trog.
             Slain by a wolf spider simulacrum (13 damage)
             ... in an ice cave.
             The game lasted 00:36:53 (10421 turns).

wyrdjoy the Severer (Minotaur Berserker)           Turns: 10421, Time: 00:36:54

Health: -4/123     AC: 15    Str: 26    XL:     11   Next: 40%
Magic:  10/10      EV:  8    Int:  6    God:    Trog [*****.]
Gold:   583        SH:  0    Dex: 14    Spells: 0 memorised, 10 levels left

rFire  . . .     SeeInvis .     X - +3 battleaxe (chop)
rCold  . . .     Gourm    .     Q - +0 plate armour
rNeg   . . .     Faith    .     (shield currently unavailable)
rPois  +         Spirit   .     (helmet restricted)
rElec  .         Dismiss  .     z - +0 cloak
rCorr  .         Reflect  .     w - +2 pair of gloves
SustAt .         Harm     .     (no boots)
MR     .....                    b - amulet of regeneration
Stlth  ..........               N - +4 ring of slaying
                                R - ring of poison resistance

@: berserking, very quick, not resistant to hostile enchantments, extremely
unstealthy
A: retaliatory headbutt, horns 2, clever 1, poison resistance, evolution 1,
MP-powered wands
a: Berserk, Trog's Hand, Brothers in Arms, Burn Spellbooks, Renounce Religion


You were in an ice cave.
You worshipped Trog.
Trog was extremely pleased with you.
You were hungry.

You visited 2 branches of the dungeon, and saw 12 of its levels.
You also visited: Sewer and Ice Cave.

You collected 583 gold pieces.

Inventory:

Hand Weapons
 a - a +0 hand axe
 V - a +1 war axe of chopping
 X - a +3 battleaxe of chopping (weapon)
 Y - a +1 hand axe
 Z - a +1 hand axe of electrocution
Missiles
 k - 7 tomahawks of dispersal (quivered)
Armour
 w - a +2 pair of gloves (worn)
 z - a +0 cloak (worn)
 Q - a +0 plate armour (worn)
Jewellery
 b - an amulet of regeneration (around neck)
 y - an uncursed ring of fire
 N - a +4 ring of slaying (right hand)
 R - a ring of poison resistance (left hand)
Wands
 I - a wand of acid (5/15)
 P - a wand of lightning (10/15)
 S - a wand of paralysis (8/24)
 T - a wand of lightning (3/15)
Scrolls
 g - a scroll of recharging {unknown}
 h - 2 scrolls of amnesia {unknown}
 i - a scroll of fog {unknown}
 m - a scroll of noise {unknown}
 r - 4 scrolls of enchant weapon
 u - a scroll of torment {unknown}
 x - 5 scrolls of teleportation {unknown}
 A - a scroll of silence {unknown}
 E - a scroll of magic mapping {unknown}
 G - 2 scrolls of immolation {unknown}
 H - 2 scrolls of enchant armour {unknown}
 L - a scroll of blinking
 U - 3 scrolls of remove curse
 W - a scroll of brand weapon {unknown}
Potions
 e - a potion of cancellation {unknown}
 f - 3 potions of cure mutation
 j - 2 potions of resistance
 o - 3 potions of heal wounds
 q - 6 potions of curing
 s - 3 potions of ambrosia
 D - 2 potions of might
 F - 2 potions of invisibility
 K - a potion of agility
Books
 J - a book of Conjurations

   Spells                             Type                      Level
   a - Magic Dart                     Conjuration                  1
   b - Searing Ray                    Conjuration                  2
   c - Dazzling Spray                 Conjuration/Hexes            3
   d - Fulminant Prism                Conjuration/Hexes            4
   e - Iskenderun's Mystic Blast      Conjuration                  4
   f - Iskenderun's Battlesphere      Conjuration/Charms           5
   Trog disapproves of the use of such an item.
Comestibles
 c - 8 bread rations
 d - 8 meat rations
 p - 14 beef jerkies
 B - 3 slices of pizza
 C - 2 fruits


   Skills:
 - Level 3.6 Fighting
 + Level 19.7 Axes
 - Level 2.4 Armour
 - Level 2.1 Dodging


You had 10 spell levels left.
You didn't know any spells.

Dungeon Overview and Level Annotations

Branches:
Dungeon (11/15)            Temple (0/1) D:4            Lair (1/8) D:9
    Orc (0/2) D:10

Altars:
Cheibriados
Dithmenos
Elyvilon
Makhleb
Nemelex Xobeh
Okawaru
Qazlal
Ru
Sif Muna
Trog
Vehumet
Xom
Yredelemnul


Innate Abilities, Weirdness & Mutations

You reflexively headbutt those who attack you in melee.
You have a pair of horns on your head.
Your mind is acute. (Int +2)
Your system is resistant to poisons.
You evolve.
You expend magic power (3 MP) to strengthen your wands.


Message History

You slash the polar bear simulacrum! The polar bear simulacrum bites you!
The polar bear simulacrum freezes you!
The polar bear simulacrum claws you but does no damage.
The polar bear simulacrum barely misses you.
Your plate armour prevents you from hitting the wolf spider simulacrum.
Your plate armour prevents you from hitting the polar bear simulacrum.
The wolf spider simulacrum hits you.
The wolf spider simulacrum freezes you!!
The wolf spider simulacrum bites you but does no damage.
A red film seems to cover your vision as you go berserk!
You feel yourself moving faster!
You feel mighty!
You are feeling hungry.
The wolf spider simulacrum hits you!
* * * LOW HITPOINT WARNING * * *
The wolf spider simulacrum freezes you!!
* * * LOW HITPOINT WARNING * * *
The wolf spider simulacrum bites you.
* * * LOW HITPOINT WARNING * * *
The wolf spider simulacrum freezes you!
You die...

#### ## ##..##
##..##....##
#..ZZ@.....#
#....Z..∩.∩.#
....##.......#
#.. ###....##
# ##..## ####


You could see a death yak simulacrum, a polar bear simulacrum and a wolf spider
simulacrum.

Vanquished Creatures
  A hydra (D:11)
  Pikel (D:5)
  2 hill giants
  A cyclops (D:11)
  A komodo dragon (Lair:1)
  2 trolls
  A wolf spider simulacrum (IceCv)
  Sigmund (D:3)
  A vampire (D:9)
  A wyvern (D:9)
  A yak (D:9)
  Grum (D:11)
  2 hippogriffs
  Menkaure (D:5)
  Edmund (D:4)
  A warg (D:10)
  5 orc warriors
  A slave (D:5)
  An ice beast (D:8)
  An eye of draining (D:10)
  2 wasps
  4 phantoms
  2 sky beasts
  8 ogres
  3 wolves (D:11)
  A big kobold (D:9)
  11 giant frogs
  4 scorpions
  8 killer bees (D:10)
  5 wights (D:11)
  A howler monkey (D:10)
  A giant frog zombie (D:10)
  3 crimson imps
  A centaur zombie (D:8)
  4 jellies
  2 quasits
  7 hounds
  11 orc priests
  12 orc wizards
  Crazy Yiuf (D:5)
  A gnoll shaman (D:6)
  2 centaur skeletons
  3 giant frog skeletons
  Natasha (thrice) (D:2)
  4 worker ants
  A statue (D:8)
  A hound skeleton (D:4)
  A howler monkey zombie (D:10)
  17 gnolls
  A worker ant zombie (D:11)
  14 river rats
  17 adders
  5 shadow imps
  An ooze (D:3)
  An adder zombie (D:5)
  6 worms
  7 dart slugs
  5 giant geckos
  38 orcs
  14 bats
  13 giant cockroaches
  7 goblins
  9 hobgoblins
  12 jackals
  6 quokkas
  6 ball pythons
  A giant gecko skeleton (D:4)
  6 giant newts
  7 kobolds
  A quokka skeleton (D:9)
  A quokka zombie (D:9)
  11 rats
  3 fungi
343 creatures vanquished.

Vanquished Creatures (others)
  3 fungi (D:9)
3 creatures vanquished.

Grand Total: 346 creatures vanquished

Notes
Turn   | Place    | Note
--------------------------------------------------------------
     0 | D:1      | wyrdjoy the Minotaur Berserker began the quest for the Orb.
     0 | D:1      | Reached XP level 1. HP: 19/19 MP: 0/0
    88 | D:1      | Reached skill level 4 in Axes
   125 | D:1      | Reached XP level 2. HP: 6/26 MP: 1/1
   658 | D:1      | Reached skill level 5 in Axes
   689 | D:1      | Reached ** piety under Trog
   730 | D:1      | Reached XP level 3. HP: 29/31 MP: 2/2
  1635 | D:2      | Found a shimmering altar of Xom.
  1711 | D:2      | Found a sacrificial altar of Ru.
  1712 | D:2      | Noticed Natasha
  1716 | D:2      | Killed Natasha
  1716 | D:2      | Reached skill level 6 in Axes
  1716 | D:2      | Reached XP level 4. HP: 39/39 MP: 3/3
  1823 | D:2      | Noticed Natasha
  1830 | D:2      | Killed Natasha
  1891 | D:2      | Noticed Natasha
  1896 | D:2      | Killed Natasha
  1896 | D:2      | Reached skill level 7 in Axes
  1896 | D:2      | Reached XP level 5. HP: 41/45 MP: 4/4
  2309 | D:3      | Found a basalt altar of Yredelemnul.
  2557 | D:3      | Found a deep blue altar of Sif Muna.
  2562 | D:3      | Reached *** piety under Trog
  2610 | D:3      | Noticed Sigmund
  2617 | D:3      | Killed Sigmund
  2617 | D:3      | Reached skill level 8 in Axes
  2617 | D:3      | Reached XP level 6. HP: 51/51 MP: 5/5
  2680 | D:3      | Found a snail-covered altar of Cheibriados.
  2686 | D:3      | Reached skill level 9 in Axes
  2887 | D:3      | Found a faded altar to an unknown god.
  2957 | D:3      | Found a glowing drain.
  2968 | Sewer    | Entered a sewer
  3121 | Sewer    | Reached **** piety under Trog
  3189 | Sewer    | Reached XP level 7. HP: 57/57 MP: 6/6
  3661 | D:4      | Reached skill level 10 in Axes
  3885 | D:4      | Reached skill level 11 in Axes
  4148 | D:4      | Noticed Edmund
  4158 | D:4      | Killed Edmund
  4158 | D:4      | Reached XP level 8. HP: 64/64 MP: 7/7
  4205 | D:4      | Found a staircase to the Ecumenical Temple.
  4342 | D:5      | Entered Level 5 of the Dungeon
  4439 | D:5      | Found a stormy altar of Qazlal.
  4480 | D:5      | Reached skill level 12 in Axes
  4565 | D:5      | Reached ***** piety under Trog
  4619 | D:5      | Noticed Pikel
  4637 | D:5      | Noticed Menkaure
  4640 | D:5      | Killed Pikel
  4649 | D:5      | Killed Menkaure
  4794 | D:5      | Noticed Crazy Yiuf
  4799 | D:5      | Killed Crazy Yiuf
  5038 | D:5      | Reached skill level 13 in Axes
  5108 | D:6      | Found a bloodstained altar of Trog.
  5276 | D:6      | Reached XP level 9. HP: 70/70 MP: 8/8
  5354 | D:6      | Found a sparkling altar of Nemelex Xobeh.
  5367 | D:6      | Reached skill level 14 in Axes
  5663 | D:7      | Noticed a hill giant
  5670 | D:7      | Killed a hill giant
  5670 | D:7      | Received a gift from Trog
  5880 | D:7      | Reached skill level 15 in Axes
  6460 | D:8      | Found a white marble altar of Elyvilon.
  6473 | D:8      | Found a radiant altar of Vehumet.
  6632 | D:8      | Reached skill level 16 in Axes
  7038 | D:8      | Reached XP level 10. HP: 74/77 MP: 9/9
  7424 | D:9      | Found a staircase to the Lair.
  7739 | D:9      | Found a shadowy altar of Dithmenos.
  7740 | D:9      | Found an iron altar of Okawaru.
  7740 | D:9      | Found a burning altar of Makhleb.
  7782 | D:9      | Reached skill level 17 in Axes
  8246 | D:10     | Entered Level 10 of the Dungeon
  8481 | D:10     | Found a staircase to the Orcish Mines.
  8505 | D:10     | Reached skill level 18 in Axes
  9228 | D:11     | Noticed Grum
  9252 | D:11     | Killed Grum
  9252 | D:11     | Reached XP level 11. HP: 66/82 MP: 10/10
  9360 | D:11     | Noticed an eight-headed hydra
  9381 | D:11     | Killed a 13-headed hydra
  9381 | D:11     | Reached skill level 19 in Axes
  9560 | D:11     | Received a gift from Trog
  9602 | D:11     | Gained mutation: Your mind is acute. (Int +2) [potion of mutation]
  9602 | D:11     | Gained mutation: You are weak. (Str -2) [potion of mutation]
  9602 | D:11     | Gained mutation: You expend magic power (3 MP) to strengthen your wands. [potion of mutation]
  9603 | D:11     | Lost mutation: You are weak. (Str -2) [potion of mutation]
  9603 | D:11     | Gained mutation: Your system is resistant to poisons. [potion of mutation]
  9603 | D:11     | Gained mutation: You evolve. [potion of mutation]
  9791 | D:11     | Noticed a hill giant
  9797 | D:11     | Killed a hill giant
 10352 | Lair:1   | Entered Level 1 of the Lair of Beasts
 10408 | Lair:1   | Found a frozen archway.
 10416 | IceCv    | Entered an ice cave
 10421 | IceCv    | Slain by a wolf spider simulacrum

Skill      XL: |  1  2  3  4  5  6  7  8  9 10 11 |
---------------+----------------------------------+-----
Axes           | 4 5 6 7 8 9 11 13 16 18 19 | 19.7
Fighting       | |  3.6
Armour         | |  2.4
Dodging        | |  2.1

Action                   |  1- 3 |  4- 6 |  7- 9 | 10-12 || total
-------------------------+-------+-------+-------+-------++-------
Melee: Hand axe          |    68 |   159 |   390 |   344 ||   961
       Headbutt          |     7 |    27 |    96 |    94 ||   224
       Battleaxe         |       |       |       |    28 ||    28
Invok: Berserk           |     2 |     2 |     9 |     8 ||    21
       Trog's Hand       |     1 |       |       |       ||     1
       Burn Spellbooks   |       |       |     1 |     1 ||     2
  Use: Scroll            |       |       |     4 |    15 ||    19
       Potion            |       |       |       |     2 ||     2
  Eat: Chunk             |     1 |     6 |    20 |    14 ||    41
       Meat ration       |     1 |       |       |       ||     1
       Beef jerky        |       |       |     1 |       ||     1
       Royal jelly       |       |       |       |     1 ||     1
       Fruit             |       |       |       |     2 ||     2
Armor: Animal skin       |     6 |       |       |       ||     6
       Ring mail         |    22 |     7 |       |       ||    29
       Chain mail        |       |    62 |   106 |       ||   168
       Plate armour      |       |       |    34 |   192 ||   226
Dodge: Dodged            |    57 |    79 |    79 |   110 ||   325
